 Dungeon Crawl Stone Soup version 0.21.1-1-g345015f (webtiles) character file.

1411 sking99 the Thaumaturge (level 8, -1/58 HPs)
             Began as a Gnoll Wizard on June 14, 2018.
             Slain by an ice beast (2 damage)
             ... on level 6 of the Dungeon.
             The game lasted 00:51:47 (8323 turns).

sking99 the Thaumaturge (Gnoll Wizard)              Turns: 8323, Time: 00:51:48

Health: -1/58      AC:  3    Str: 10    XL:     8   Next: 70%
Magic:  1/20       EV: 15    Int: 23    God:
Gold:   351        SH:  0    Dex: 13    Spells: 10/23 levels left

rFire    + . .     SeeInvis .     - Unarmed
rCold    + . .     Gourm    .   (no shield)
rNeg     . . .     Faith    .   p - +0 robe {rC+ rF+}
rPois    .         Spirit   .   b - +0 hat
rElec    .         Reflect  .   (no cloak)
rCorr    .         Harm     .   s - +0 pair of gloves
MR       .....                  (no boots)
Stlth    +++.......             (no amulet)
HPRegen  0.19/turn              (no ring)
MPRegen  0.17/turn              (no ring)

@: no status effects
A: distributed training, fangs 1, strong nose
a: no special abilities


You were on level 6 of the Dungeon.
You were very full.

You visited 2 branches of the dungeon, and saw 7 of its levels.

You collected 351 gold pieces.

Inventory:

Armour
 b - a +0 hat (worn)
 p - a +0 robe of resistance (worn)
 s - a +0 pair of gloves (worn)
Jewellery
 e - an uncursed ring of fire {unknown}
 r - a cursed ring of loudness {unknown}
Wands
 a - a wand of disintegration (12)
 t - a wand of flame (21)
Scrolls
 f - 2 scrolls of teleportation
 g - 6 scrolls of identify
 h - 3 scrolls of remove curse
 i - a scroll of magic mapping
 j - a scroll of noise {unknown}
 k - a scroll of fog {unknown}
 o - 3 scrolls of enchant weapon {unknown}
 q - a scroll of enchant armour {unknown}
 v - 2 scrolls of blinking {unknown}
Potions
 l - a potion of might
 m - a potion of brilliance {unknown}
 n - a potion of invisibility
 u - a potion of degeneration {unknown}
 w - a potion of heal wounds {unknown}
 x - a potion of curing
Books
 c - a book of Minor Magic

   Spells                             Type                      Level
   a - Magic Dart                     Conjuration                  1
   b - Blink                          Translocation                2
   c - Call Imp                       Summoning                    2
   d - Slow                           Hexes                        2
   e - Conjure Flame                  Conjuration/Fire             3
   f - Mephitic Cloud                 Conjuration/Poison/Air       3
Comestibles
 d - 5 rations


   Skills:
 + Level 3.4 Fighting
 + Level 3.4 Short Blades
 + Level 3.4 Long Blades
 + Level 3.4 Axes
 + Level 3.4 Maces & Flails
 + Level 3.4 Polearms
 + Level 3.4 Staves
 + Level 3.4 Slings
 + Level 3.4 Bows
 + Level 3.4 Crossbows
 + Level 3.4 Throwing
 + Level 3.4 Armour
 + Level 5.8 Dodging
 + Level 5.4 Stealth
 + Level 3.4 Shields
 + Level 3.4 Unarmed Combat
 + Level 8.0 Spellcasting
 + Level 3.6 Conjurations
 + Level 2.8 Hexes
 + Level 2.8 Charms
 + Level 3.6 Summonings
 + Level 2.8 Necromancy
 + Level 3.6 Translocations
 + Level 2.8 Transmutations
 + Level 2.8 Fire Magic
 + Level 2.8 Ice Magic
 + Level 2.8 Air Magic
 + Level 2.8 Earth Magic
 + Level 2.8 Poison Magic
 + Level 3.8 Invocations
 + Level 3.4 Evocations


You had 10 spell levels left.
You knew the following spells:

 Your Spells              Type           Power        Failure   Level  Hunger
a - Magic Dart            Conj           ####         1%          1    None
b - Blink                 Tloc           N/A          2%          2    None
c - Call Imp              Summ           ####....     2%          2    None
d - Slow                  Hex            ###.....     3%          2    None
e - Conjure Flame         Conj/Fire      ###.....     5%          3    None
f - Mephitic Cloud        Conj/Pois/Air  ###.....     6%          3    None


Dungeon Overview and Level Annotations

Branches:
Dungeon (6/15)             Temple (1/1) D:6

Altars:
Cheibriados
Dithmenos
Elyvilon
Fedhas
Gozag
Kikubaaqudgha
Makhleb
Nemelex Xobeh
Qazlal
Ru
Sif Muna
Trog
Uskayaw
Vehumet
Wu Jian
Xom
Yredelemnul
The Shining One

Shops:
D:4 *


Innate Abilities, Weirdness & Mutations

Your experience applies equally to all skills.
You have very sharp teeth.
Your uncanny sense of smell can sniff out nearby items.


Message History

Confirm with . or Enter, or press ? or * to list all spells.
You blink.
Casting: Blink
Confirm with . or Enter, or press ? or * to list all spells.
You don't have enough magic to cast that spell.
You see here an arrow.
Casting: Blink
Confirm with . or Enter, or press ? or * to list all spells.
You don't have enough magic to cast that spell.
The ice beast hits you.
* * * LOW HITPOINT WARNING * * *
The ice beast freezes you. You resist.
* * * LOW HITPOINT WARNING * * *
You see here an arrow.
The ice beast hits you.
* * * LOW HITPOINT WARNING * * *
The ice beast freezes you! You resist.
* * * LOW HITPOINT WARNING * * *
The centaur misses the ice beast.
The ice beast hits you.
You die...

...............#
..........####.#######
..........# #.##....#
..........# #.##..(.#
.........## #.##....#
........## #..#....#
..####### ##.#(...#
..#..>## ##.Y....#
.#...<.## #.c@....#
#.......# #...#....#
#.......####....######
.................#
.......#.#.#.#.#.#
.................#
.......#.......#.#
#................#
##.....#...>...#.#


You could see an ice beast and a centaur (confused).

Vanquished Creatures
  Grinder (D:4)
  Sigmund (D:2)
  Duvessa (D:3)
  An ice beast (D:4)
  A phantom (D:5)
  An ogre (D:4)
  2 bullfrogs
  Dowan (D:3)
  A howler monkey (D:5)
  3 hounds
  An orc priest (D:5)
  3 orc wizards (D:5)
  Ijyb (D:5)
  3 worker ants
  A mummy (D:5)
  Robin (D:3)
  7 adders
  4 gnolls
  A howler monkey skeleton (D:6)
  A shadow imp (D:6)
  3 oozes
  An adder zombie (D:5)
  4 worms
  3 dart slugs
  6 leopard geckos
  17 orcs
  6 giant cockroaches
  12 goblins
  8 hobgoblins
  3 jackals (D:3)
  8 kobolds
  2 quokkas
  A ball python (D:2)
  7 bats
  5 frilled lizards
  A leopard gecko zombie (D:5)
  13 rats
136 creatures vanquished.

Vanquished Creatures (collateral kills)
  3 gnolls (D:2)
  A goblin (D:3)
  A quokka (D:3)
5 creatures vanquished.

Grand Total: 141 creatures vanquished

Notes
Turn   | Place    | Note
-------+----------+-------------------------------------------
     0 | D:1      | sking99 the Gnoll Wizard began the quest for the Orb.
     0 | D:1      | Reached XP level 1. HP: 13/13 MP: 8/8
   252 | D:1      | Reached XP level 2. HP: 19/19 MP: 5/10
   294 | D:1      | Learned a level 2 spell: Blink
   297 | D:1      | Learned a level 2 spell: Call Imp
   300 | D:1      | Learned a level 2 spell: Slow
   717 | D:2      | Reached XP level 3. HP: 25/25 MP: 6/11
  1012 | D:2      | Reached skill level 1 in Invocations
  1082 | D:2      | Learned a level 3 spell: Conjure Flame
  1086 | D:2      | Learned a level 3 spell: Mephitic Cloud
  1091 | D:2      | Found a shimmering altar of Xom.
  1137 | D:2      | Found a stormy altar of Qazlal.
  1151 | D:2      | Reached skill level 1 in Fighting
  1151 | D:2      | Reached skill level 1 in Short Blades
  1151 | D:2      | Reached skill level 1 in Long Blades
  1151 | D:2      | Reached skill level 1 in Axes
  1151 | D:2      | Reached skill level 1 in Maces & Flails
  1151 | D:2      | Reached skill level 1 in Polearms
  1151 | D:2      | Reached skill level 1 in Staves
  1151 | D:2      | Reached skill level 1 in Slings
  1151 | D:2      | Reached skill level 1 in Bows
  1151 | D:2      | Reached skill level 1 in Crossbows
  1151 | D:2      | Reached skill level 1 in Throwing
  1151 | D:2      | Reached skill level 1 in Armour
  1151 | D:2      | Reached skill level 1 in Shields
  1151 | D:2      | Reached skill level 1 in Unarmed Combat
  1151 | D:2      | Reached skill level 1 in Evocations
  1262 | D:2      | Reached XP level 4. HP: 32/32 MP: 10/13
  1586 | D:2      | Found a deep blue altar of Sif Muna.
  1633 | D:2      | Noticed Sigmund
  1773 | D:2      | Killed Sigmund
  1773 | D:2      | Reached skill level 1 in Hexes
  1773 | D:2      | Reached skill level 1 in Charms
  1773 | D:2      | Reached skill level 1 in Necromancy
  1773 | D:2      | Reached skill level 1 in Transmutations
  1773 | D:2      | Reached skill level 1 in Fire Magic
  1773 | D:2      | Reached skill level 1 in Ice Magic
  1773 | D:2      | Reached skill level 1 in Air Magic
  1773 | D:2      | Reached skill level 1 in Earth Magic
  1773 | D:2      | Reached skill level 1 in Poison Magic
  1773 | D:2      | Reached XP level 5. HP: 38/38 MP: 4/14
  1925 | D:2      | Reached XP level 6. HP: 19/44 MP: 2/16
  1947 | D:2      | HP: 1/44 [gnoll/halberd (9)]
  2678 | D:3      | Reached skill level 5 in Dodging
  2908 | D:3      | Found a glowing golden altar of the Shining One.
  3271 | D:3      | Found an ornate altar of the Wu Jian Council.
  3544 | D:4      | Noticed Grinder
  3591 | D:4      | Paralysed by Grinder for 2 turns
  3616 | D:4      | Paralysed by Grinder for 7 turns
  3628 | D:4      | Killed Grinder
  3628 | D:4      | Reached XP level 7. HP: 38/51 MP: 3/18
  3794 | D:4      | Found Deczed's General Store.
  3936 | D:4      | Noticed Duvessa
  3952 | D:4      | Noticed Dowan
  4095 | D:4      | Noticed Robin
  4205 | D:3      | Killed Robin
  4301 | D:3      | Killed Dowan
  4302 | D:3      | Killed Duvessa
  4302 | D:3      | Reached skill level 5 in Stealth
  4460 | D:4      | Found a blossoming altar of Fedhas.
  4912 | D:5      | Entered Level 5 of the Dungeon
  4917 | D:5      | Noticed Ijyb
  4937 | D:5      | Killed Ijyb
  5008 | D:5      | Found a sand-covered staircase.
  5811 | D:5      | Reached XP level 8. HP: 57/57 MP: 9/19
  6270 | D:5      | Found a white marble altar of Elyvilon.
  6299 | D:5      | Found a burning altar of Makhleb.
  7921 | D:6      | Reached skill level 8 in Spellcasting
  8082 | D:6      | Found a staircase to the Ecumenical Temple.
  8093 | Temple   | Entered the Ecumenical Temple
  8320 | D:6      | HP: 1/58 [ice beast (7)]
  8323 | D:6      | Slain by an ice beast

Skill      XL: |  1  2  3  4  5  6  7  8 |
---------------+-------------------------+-----
Conjurations   | 2 3 |  3.6
Summonings     | 2 3 |  3.6
Translocations | 2 3 |  3.6
Invocations    | 1 2 3 |  3.8
Fighting       | 1 2 3 |  3.4
Short Blades   | 1 2 3 |  3.4
Long Blades    | 1 2 3 |  3.4
Axes           | 1 2 3 |  3.4
Maces & Flails | 1 2 3 |  3.4
Polearms       | 1 2 3 |  3.4
Staves         | 1 2 3 |  3.4
Slings         | 1 2 3 |  3.4
Bows           | 1 2 3 |  3.4
Crossbows      | 1 2 3 |  3.4
Throwing       | 1 2 3 |  3.4
Armour         | 1 2 3 |  3.4
Shields        | 1 2 3 |  3.4
Unarmed Combat | 1 2 3 |  3.4
Evocations     | 1 2 3 |  3.4
Hexes          | 1 2 |  2.8
Charms         | 1 2 |  2.8
Necromancy     | 1 2 |  2.8
Transmutations | 1 2 |  2.8
Fire Magic     | 1 2 |  2.8
Ice Magic      | 1 2 |  2.8
Air Magic      | 1 2 |  2.8
Earth Magic    | 1 2 |  2.8
Poison Magic   | 1 2 |  2.8
Dodging        | 5 |  5.8
Stealth        | 5 |  5.4
Spellcasting   | 8 |  8.0

Action                   |  1- 3 |  4- 6 |  7- 9 || total
-------------------------+-------+-------+-------++-------
Melee: Unarmed           |     3 |       |     1 ||     4
 Cast: Magic Dart        |    77 |   139 |   319 ||   535
       Mephitic Cloud    |       |     7 |    14 ||    21
       Conjure Flame     |       |     5 |     8 ||    13
       Call Imp          |       |     9 |     3 ||    12
       Blink             |       |     1 |     7 ||     8
       Slow              |       |       |     4 ||     4
  Use: Scroll            |       |     4 |       ||     4
 Stab: Confused          |       |       |     1 ||     1
  Eat: Chunk             |       |     3 |     2 ||     5
       Ration            |       |     1 |     6 ||     7
Armor: Robe              |     2 |     6 |    19 ||    27
Dodge: Dodged            |    15 |    55 |   135 ||   205
